 Dungeon Crawl Stone Soup version 0.27.1-37-g7b29ead8ac (console) character file.

Game seed: 15552588687342692609

6784 grimtooth the Arsonist (level 10, -16/83 HPs)
             Began as a Demigod Fire Elementalist on Mar 23, 2023.
             Demolished by a boulder beetle (27 damage)
             ... on level 10 of the Dungeon.
             The game lasted 00:50:02 (12572 turns).

grimtooth the Arsonist (Demigod Fire Elementalist) Turns: 12572, Time: 00:50:03

Health: -16/83     AC:  7    Str: 17    XL:     10   Next: 48%
Magic:  5/19       EV: 14    Int: 27    God:
Gold:   498        SH:  0    Dex: 14    Spells: 1/17 levels left

rFire    . . .     SeeInvis .   p - +2 dagger (drain)
rCold    . . .     Faith    .   (no shield)
rNeg     . . .     Spirit   .   H - +0 steam dragon scales
rPois    .         Reflect  .   (no helmet)
rElec    .         Harm     .   t - scarf {+Inv}
rCorr    .         Rampage  .   r - +0 pair of gloves
Will     +....                  v - +0 pair of boots
Stlth    +++.......             (no amulet)
HPRegen  0.23/turn              j - +6 ring of intelligence
MPRegen  0.16/turn              (no ring)

@: hasted, very quick
A: high mp 1, forlorn
a: Evoke Invisibility


You were on level 10 of the Dungeon.
You visited 1 branch of the dungeon, and saw 10 of its levels.

You collected 498 gold pieces.

Inventory:

Hand Weapons
 i - a +0 dagger
 p - a +2 dagger of draining (weapon)
 w - a +3 dagger
 y - a +0 flail of protection
Missiles
 b - 73 stones
 d - 13 poisoned darts (quivered)
 e - 121 sling bullets
 h - 6 javelins
 u - 98 arrows
 J - 5 datura-tipped darts
 M - a curare-tipped dart
Armour
 a - a +0 robe
 r - a +0 pair of gloves (worn)
 t - a scarf of invisibility (worn)
 v - a +0 pair of boots (worn)
 z - a +2 ring mail of willpower
 H - +0 steam dragon scales (worn)
 L - a +0 buckler
 Q - +0 acid dragon scales
Magical Staves
 F - a staff of death
Jewellery
 j - a +6 ring of intelligence (left hand)
Wands
 f - a wand of flame (10)
 o - a wand of charming (12)
 s - a wand of paralysis (6)
 K - a wand of mindburst (12)
Scrolls
 c - 3 scrolls of amnesia {unknown}
 k - 2 scrolls of summoning
 m - 4 scrolls of silence
 A - a scroll of torment {unknown}
 B - 2 scrolls of holy word {unknown}
 C - a scroll of blinking {unknown}
 E - 2 scrolls of fog
 G - a scroll of enchant armour {unknown}
 I - a scroll of immolation {unknown}
 S - a scroll of vulnerability {unknown}
 T - a scroll of teleportation {unknown}
Potions
 g - 8 potions of curing
 l - 4 potions of ambrosia
 n - 3 potions of brilliance
 x - 2 potions of flight
 D - a potion of lignification
 N - a potion of magic {unknown}
 O - a potion of berserk rage {unknown}
 R - a potion of invisibility {unknown}
 U - a potion of mutation {unknown}
Miscellaneous
 V - a box of beasts


   Skills:
 - Level 6.0 Fighting
 - Level 6.0 Dodging
 - Level 4.0 Stealth
 - Level 4.0 Spellcasting
 + Level 8.4 Conjurations
 + Level 8.4 Fire Magic


You had one spell level left.
You knew the following spells:

 Your Spells              Type           Power      Damage    Failure   Level
a - Foxfire               Conj/Fire      100%       2x1d9     1%          1
b - Conjure Flame         Conj/Fire      50%        6-21      1%          3
c - Sticky Flame          Conj/Fire      50%        2d7       2%          4
f - Fireball              Conj/Fire      25%        3d11      7%          5
o - Ozocubu's Armour      Ice            5%         N/A       24%         3

Your spell library contained the following spells:

 Spells                   Type           Power      Damage    Failure   Level
 Sting                    Tmut/Pois      20%        1d4       8%          1
 Inner Flame              Hex/Fire       28%        N/A       4%          3
 Poisonous Vapours        Pois/Air       10%        N/A       12%         2
 Olgreb's Toxic Radiance  Pois           5%         N/A       61%         4
 Ozocubu's Refrigeration  Ice            2%         4d5       100%        7


Dungeon Overview and Level Annotations

Branches:
Dungeon (10/15)            Temple (0/1) D:7            Lair (0/6) D:8
    Orc: D:9-12

Shops:
D:1 (

Annotations:
D:7 exclusion: killer bee, Maggie
D:9 Psyche


Innate Abilities, Weirdness & Mutations

Your attributes grow dramatically as you level up.
You have an increased reservoir of magic. (+10% MP)
You shall have no god before yourself.


Message History

The yak burns!
The yak gores you.
You hit the yak.
You kill the yak!
You hit the yak. You drain the yak.
The yak is heavily wounded.
The yak barely misses you.
The acid dragon roars!
The acid dragon spits acid at you. The splash of acid hits you!
You are splashed with acid!
The boulder beetle leaps!
The boulder beetle curls into a ball and begins rolling!
The boulder beetle hits you!!!
* * * LOW HITPOINT WARNING * * *
The boulder beetle stops rolling and uncurls.
Unknown command.
Enter note: - drat these duds
Press: ? - help, v - describe, . - travel
Here: a boulder beetle The floor.
Okay, then.
Okay, then.
Enter note: - thats what you get moving too many clicks in a row
Okay, then.
Okay, then.
Enter note: - boy would a blink be nice right now
Okay, then.
Press: ? - help, v - describe, . - travel
Here: a boulder beetle The floor.
Okay, then.
Aiming: Charm
Press: ? - help, Shift-Dir - straight line, f - boulder beetle
Aim: a boulder beetle (chance to affect: 28%)
Okay, then.
You feel much better. The yak barely misses you. The boulder beetle bites you!!
* * * LOW HITPOINT WARNING * * *
You feel yourself speed up. The yak gores you.
* * * LOW HITPOINT WARNING * * *
The boulder beetle bites you!!
You die...

.......# ......# #.#
#.....# #.# #.....# #.
#.# #.....###### #. #.#
#........... #.#####.#
#.(......... ........#
#........... .......>#
#...######..
........########.B.#....#
........†.†...YY@.<#....#
.........####......'....#
.##'###### #......#....#
#... #....D.#....# #.Y..
#......#....# #...Y.
#......###### #......
#............. #.......
#...........D. #........
#.............
#.............
#.............


You could see a boulder beetle, 2 yaks and an acid dragon.

Vanquished Creatures
  A death yak (D:8)
  An elephant (D:8)
  Joseph (D:7)
  A troll (D:9)
  Grinder (D:6)
  Prince Ribbit (D:7)
  A hornet (D:9)
  Sigmund (D:5)
  A basilisk (D:8)
  A wyvern (D:8)
  3 yaks (D:10)
  A vampire (D:9)
  A steam dragon (D:8)
  Edmund (D:5)
  An acid dragon (D:9)
  A water moccasin (D:5)
  3 ice beasts
  A sky beast (D:5)
  3 black bears
  3 centaurs
  4 ogres
  A phantom (D:4)
  A kobold brigand (D:8)
  5 bullfrogs
  2 scorpions
  7 killer bees
  A howler monkey (D:6)
  A jelly (D:5)
  A bullfrog zombie (D:5)
  A centaur zombie (D:8)
  3 hounds
  A bullfrog skeleton (D:6)
  6 orc priests
  2 gnoll shamans
  3 iguanas (D:6)
  7 orc wizards
  2 killer bee zombies (D:8)
  A howler monkey zombie (D:9)
  7 gnolls
  10 adders
  2 ufetubi
  2 worms
  5 dart slugs
  26 orcs
  8 ball pythons
  5 bats
  A bat skeleton (D:2)
  14 endoplasms
  4 giant cockroaches
  3 goblins (D:1)
  5 hobgoblins
  2 quokkas (D:1)
  11 frilled lizards
  A jackal zombie (D:2)
  10 kobolds
  2 quokka skeletons (D:2)
  6 rats
201 creatures vanquished.

Vanquished Creatures (collateral kills)
  3 foxfires
3 creatures vanquished.

Vanquished Creatures (others)
  A shadow (D:9)
  773 foxfires
  3 plants (D:6)
777 creatures vanquished.

Grand Total: 981 creatures vanquished

Notes
Turn   | Place    | Note
-------+----------+-------------------------------------------
     0 | D:1      | grimtooth the Demigod Fire Elementalist began the quest for
                  | the Orb.
     0 | D:1      | Reached XP level 1. HP: 14/14 MP: 5/5
    55 | D:1      | Found Eriedun's Antique Weapon Shoppe.
   554 | D:1      | Reached XP level 2. HP: 20/20 MP: 2/7
  1377 | D:1      | Reached XP level 3. HP: 26/26 MP: 6/8
  1492 | D:1      | Learned a level 3 spell: Conjure Flame
  1526 | D:2      | Reached skill level 1 in Conjurations
  2064 | D:2      | Reached XP level 4. HP: 33/33 MP: 5/9
  2353 | D:3      | Noticed an ogre
  3402 | D:4      | Reached XP level 5. HP: 38/38 MP: 3/10
  3995 | D:4      | Reached XP level 6. HP: 28/45 MP: 8/13
  4291 | D:5      | Entered Level 5 of the Dungeon
  4838 | D:5      | Noticed Edmund
  4921 | D:5      | Reached XP level 7. HP: 50/50 MP: 10/16
  5313 | D:5      | Killed Edmund
  5314 | D:5      | Reached skill level 5 in Fire Magic
  5657 | D:5      | Noticed Sigmund
  5869 | D:5      | Reached XP level 8. HP: 33/57 MP: 14/17
  6126 | D:3      | Reached skill level 5 in Conjurations
  6545 | D:6      | Reached skill level 1 in Fighting
  6550 | D:6      | Learned a level 4 spell: Sticky Flame
  6875 | D:6      | Noticed Grinder
  7464 | D:6      | Killed Grinder
  7611 | D:7      | Reached skill level 5 in Fighting
  7791 | D:7      | Reached XP level 9. HP: 12/75 MP: 4/18
  7792 | D:7      | Found a staircase to the Ecumenical Temple.
  8146 | D:7      | Noticed Joseph
  8152 | D:7      | - stairway ... RIGHT THERE
  8170 | D:7      | - and so it goes
  8170 | D:7      | Killed Joseph
  8171 | D:7      | - or not, wow
  8407 | D:7      | Noticed Maggie
  8429 | D:7      | Noticed Prince Ribbit
  8438 | D:7      | Killed Prince Ribbit
  9283 | D:5      | Killed Sigmund
  9284 | D:5      | Reached skill level 5 in Dodging
  9809 | D:8      | Learned a level 3 spell: Ozocubu's Armour
  9815 | D:8      | Learned a level 5 spell: Fireball
  9838 | D:8      | Found a staircase to the Lair.
  9838 | D:8      | Noticed an elephant
  9838 | D:8      | Noticed a death yak
  9855 | D:8      | Killed an elephant
 10674 | D:8      | Killed a death yak
 10675 | D:8      | Reached XP level 10. HP: 63/83 MP: 6/19
 11264 | D:9      | Noticed Psyche
 11533 | D:9      | Paralysed by a hornet for 3 turns
 12502 | D:10     | Entered Level 10 of the Dungeon
 12547 | D:10     | Noticed a boulder beetle
 12571 | D:10     | - drat these duds
 12571 | D:10     | - thats what you get moving too many clicks in a row
 12571 | D:10     | - boy would a blink be nice right now
 12572 | D:10     | Demolished by a boulder beetle

Illustrated notes .......#......... .......#......... .......'......... #######+#......... #@.#................. .... #..#................. .... #..#................. ..... #..#................. ..... #..#................. ......#..#................. ......#+##@................ #<..........###+###+### #...........#.........# #...........#.........# #...........#...##....# #...........#...##....# ##+#####....#.........' #....#.........# #....#.........# #....#...###...# ###'##...###...# Turn 8152 on D:7: - stairway ... RIGHT THERE

# #........####..
#.####+#..........
.......#..........
.......#..........
.......'..........
#######+#..........
#@.#.................. ....
#..#.................. ....
#..#.................. .....
#..#.................. .....
#..#.@................
......#..#..................
......#+##@.................
#<..........###+###+###.
#...........#.........#.
#...........#.........#.
#...........#...##....#.
#...........#...##....#.
##+#####....#.........'.
#....#.........#.
#....#.........#.


Turn 8170 on D:7: - and so it goes # #........####.. #.####+#..........
.......#.......... .......#.......... .......'.......... #######+#..........
#@.#.................. .... #..#.................. .... #..#..................
..... #..#.................. ..... #..#.@................
......#..#.................. ......#+##).................
#<..........###+###+###. #...........#.........#. #...........#.........#.
#...........#...##....#. #...........#...##....#. ##+#####....#.........'.
#....#.........#. #....#.........#. Turn 8171 on D:7: - or not, wow .......#
......# #.# #.....# #.# #.....# #. #.# #.....###### #. #.# #...........
#.#####.# #.(......... ........# #........... .......># #...######..
........########.B.#....# ........†.†..Y.Y@.<#....# .........####......'....#
.##'###### #......#....# #... #......#....# #.Y.. #....D.#....# #...Y.
#......###### #...... #............. #....... #...........D. #........
#............. #............. #............. Turn 12571 on D:10: - drat these
duds

Levels and vault maps discovered:
D:1:      heliophobic_arrival_henge, layout_loops_ring, serial_shops, shop,
          shapermc_ecumenical_altar_starsandcircs, wad_floor_pattern_2,
          minmay_hedge_maze, minmay_cut_off
D:2:      layout_rooms, basic_altar, serial_undead, serial_undead_b,
          serial_undead_b, serial_undead_f, serial_undead_b, serial_undead_a,
          serial_undead_d, serial_undead_a, serial_undead_b,
          minmay_misc_feat_four_crosses, minmay_fountain_box
D:3:      layout_basic, lemuel_doored_altar, grunt_temple_overflow_open
D:4:      layout_gridville
D:5:      layout_loops_ring, mainiacjoe_overflow_alcove_4, uniq_sigmund,
          uniq_edmund
D:6:      layout_loops_ring, minmay_lizard_king, uniq_grinder
D:7:      layout_gridville, pdpol_wu_jian_five_deadly_venoms,
          minmay_temple_entry_butterflies, minmay_misc_feat_rows, uniq_maggie,
          uniq_prince_ribbit1, uniq_joseph
D:8:      minmay_octagon_keep, layout_basic, david_lair_generic,
          minmay_misc_feat_five
D:9:      layout_roguey, bloody_trog, st_stairs_4, uniq_psyche
D:10:     layout_irregular_city, vehumet_statue, mainiacjoe_overflow_catwalk,
          uniq_fannar, uniq_harold

Skill      XL: |  1  2  3  4  5  6  7  8  9 10 |
---------------+-------------------------------+-----
Fire Magic     | 3 4 6 7 8 |  8.4
Conjurations   | 2 3 4 6 7 8 |  8.4
Stealth        | 2 3 4 |  4.0
Spellcasting   | 2 4 |  4.0
Fighting       | 5 6 |  6.0
Dodging        | 6 |  6.0

Action                   |  1- 3 |  4- 6 |  7- 9 | 10-12 || total
-------------------------+-------+-------+-------+-------++-------
Melee: Dagger            |       |     4 |    59 |    53 ||   116
Throw: Dart              |       |     1 |    10 |     3 ||    14
       Stone             |       |       |       |     1 ||     1
 Cast: Foxfire           |    97 |   119 |   196 |    38 ||   450
       Conjure Flame     |       |       |    14 |     3 ||    17
       Sticky Flame      |       |       |    12 |    10 ||    22
       Fireball          |       |       |       |     7 ||     7
Evoke: Wand              |       |       |       |     2 ||     2
  Use: Scroll            |       |     3 |     4 |     1 ||     8
       Potion            |       |       |     2 |     2 ||     4
 Stab: Sleeping          |       |       |     3 |       ||     3
Armor: Robe              |     1 |     2 |    18 |       ||    21
       Steam dragon scal |       |       |     3 |    25 ||    28
Dodge: Dodged            |     9 |     5 |    70 |    54 ||   138
